 Dungeon Crawl Stone Soup version 0.23-a0-4-g8f018a2 (webtiles) character file.

312 Kuinu the Firebug (level 6, -6/45 HPs)
             Began as a Draconian Fire Elementalist on July 31, 2018.
             Killed by divine providence
             ... invoked by an orc priest
              (15 damage)
             ... on level 4 of the Dungeon.
             The game lasted 00:10:10 (4142 turns).

Kuinu the Firebug (Draconian Fire Elementalist)     Turns: 4142, Time: 00:10:10

Health: -6/45      AC:  6    Str: 10    XL:     6   Next: 18%
Magic:  0/10       EV: 12    Int: 17    God:
Gold:   205        SH:  0    Dex: 12    Spells: 3/11 levels left

rFire    + . .     SeeInvis .   c - +3 mace
rCold    x . .     Gourm    .   (no shield)
rNeg     . . .     Faith    .   (armour unavailable)
rPois    .         Spirit   +   (helmet restricted)
rElec    .         Reflect  .   (no cloak)
rCorr    +         Harm     .   (no gloves)
MR       .....                  (no boots)
Stlth    ++........             g - amulet of guardian spirit
HPRegen  0.15/turn              j - ring of resist corrosion
MPRegen  0.12/turn              o - ring of fire

@: very slightly contaminated
A: unfitting armour, cold-blooded, AC +6
a: no special abilities


You were on level 4 of the Dungeon.
You were not hungry.

You visited 1 branch of the dungeon, and saw 4 of its levels.

You collected 205 gold pieces.

Inventory:

Hand Weapons
 c - a +3 mace (weapon)
 l - a +0 short sword of venom
 r - a +0 morningstar of protection
Jewellery
 g - an amulet of guardian spirit (around neck)
 j - a ring of resist corrosion (left hand)
 o - a ring of fire (right hand)
Scrolls
 f - a scroll of enchant armour
 i - 5 scrolls of remove curse
Potions
 d - a potion of ambrosia
 h - a potion of heal wounds {unknown}
 m - a potion of flight
Comestibles
 a - a chunk of flesh
 b - 8 rations


   Skills:
 - Level 1.7 Dodging
 - Level 1.7 Stealth
 + Level 3.1 Spellcasting
 * Level 3.9 Conjurations
 * Level 5.0 Fire Magic


You had 3 spell levels left.
You knew the following spells:

 Your Spells              Type           Power        Failure   Level  Hunger
a - Flame Tongue          Conj/Fire      ####.        2%          1    None
b - Conjure Flame         Conj/Fire      ####....     9%          3    ###....
c - Sticky Flame          Conj/Fire      ####....     26%         4    ####...

Your spell library contained the following spells:

 Spells                   Type           Power        Failure   Level  Hunger
 Fireball                 Conj/Fire      ####......   58%         5    ######.
 Throw Flame              Conj/Fire      ####..       4%          2    ##.....
 Inner Flame              Hex/Fire       ###.....     19%         3    ###....


Dungeon Overview and Level Annotations

Branches:
Dungeon (4/15)
 Temple: D:4-7

Altars:


Innate Abilities, Weirdness & Mutations

Your plain brown scales are hard. (AC +6)
You cannot fit into any form of body armour.
You are cold-blooded and may be slowed by cold attacks.


Message History

Your skin tingles.
The orc wizard shouts!
Casting: Sticky Flame (quite dangerous; 26% risk of failure)
Confirm with . or Enter, or press ? or * to list all spells.
Okay, then.
You hit the orc priest.
The orc priest is moderately wounded.
The orc priest hits you with a trident. x2
You hit the orc priest.
The orc priest is severely wounded.
The orc priest hits you with a trident.
You hit the orc priest but do no damage.
The orc priest is severely wounded.
The orc priest hits you with a trident.
* * * LOW HITPOINT WARNING * * *
You barely miss the orc priest.
The orc priest is severely wounded.
The orc priest invokes the aid of Beogh against you.
Beogh smites you!
You die...

# ##..#######
#.###..P♣..P..##
#.#..♣.≈≈♣.....#####
#..P.≈≈≈♣≈♣.PP......
####.o....≈≈≈≈≈..P#.###
.....P).P≈♣≈≈o≈..♣#..#
o..###.P..≈♣♣≈≈o..P# #
#.#P...≈≈..o.P#
#.##P..P..P@.## #.
########.####. #. #..#
#.. #. ##.## #.# #.
#..# #.# ##.## #.# #..#
#.############ ##.##
#............. #..#
#.###########.


You could see an orc priest, an orc wizard and an orc.

Vanquished Creatures
  A crimson imp (D:4)
  2 orc priests (D:3)
  An orc wizard (D:3)
  Jessica (D:2)
  A worker ant (D:4)
  3 gnolls (D:3)
  3 adders
  An ooze (D:1)
  A worm (D:2)
  4 dart slugs
  A leopard gecko (D:3)
  3 orcs
  8 bats
  4 giant cockroaches
  10 goblins
  7 hobgoblins
  4 jackals
  A ball python (D:3)
  A frilled lizard (D:1)
  7 kobolds
  8 rats
72 creatures vanquished.

Notes
Turn   | Place    | Note
-------+----------+-------------------------------------------
     0 | D:1      | Kuinu the Draconian Fire Elementalist began the quest for the Orb.
     0 | D:1      | Reached XP level 1. HP: 14/14 MP: 3/3
   309 | D:1      | Reached XP level 2. HP: 20/20 MP: 3/5
   976 | D:1      | Reached XP level 3. HP: 26/26 MP: 2/6
   981 | D:1      | Learned a level 3 spell: Conjure Flame
  1700 | D:2      | Noticed Jessica
  1966 | D:2      | Killed Jessica
  2053 | D:2      | Reached XP level 4. HP: 33/33 MP: 5/7
  2454 | D:2      | Reached skill level 4 in Fire Magic
  3056 | D:3      | Reached XP level 5. HP: 30/38 MP: 5/9
  3936 | D:4      | Reached XP level 6. HP: 34/45 MP: 4/10
  3956 | D:4      | Learned a level 4 spell: Sticky Flame
  4084 | D:4      | Reached skill level 5 in Fire Magic
  4142 | D:4      | Killed from afar by an orc priest

Vault maps used:
D:1:      mrwooster_arrival_statue_3
D:2:      uniq_jessica
D:4:      gammafunk_cloud_chamber, first_ration, serial_bayou,
          serial_bayou_pond_d, serial_bayou_pond_a, serial_bayou_pond_a,
          serial_bayou_ford_a

Skill      XL: |  1  2  3  4  5  6 |
---------------+-------------------+-----
Conjurations   | 2 3 |  3.9
Fire Magic     | 4 5 |  5.0
Spellcasting   | 3 |  3.1
Dodging        | |  1.7
Stealth        | |  1.7

Action                   |  1- 3 |  4- 6 || total
-------------------------+-------+-------++-------
Melee: Unarmed           |    10 |       ||    10
       Dagger            |     4 |       ||     4
       Short sword       |    11 |    56 ||    67
       Tailslap          |       |    10 ||    10
       Morningstar       |       |    14 ||    14
       Mace              |       |    24 ||    24
 Cast: Flame Tongue      |    38 |    36 ||    74
  Use: Scroll            |     6 |     1 ||     7
       Potion            |       |     6 ||     6
  Eat: Chunk             |     4 |     7 ||    11
Armor: Skin              |    17 |    31 ||    48
Dodge: Dodged            |    31 |    91 ||   122

Table legend:
 A = Spawn XP
 B = Non-spawn XP
 C = Spawn XP percentage of total XP
 D = Spawn monster count
 E = Non-spawn monster count
 F = Spawn count percentage of total count
 G = Total turns spent on level
                    A         B        C        D         E        F      G
               +---------+---------+-------+---------+---------+-------+---------
         Total |       0 |     447 |   0.0 |       0 |      72 |   0.0 |  4142
               +---------+---------+-------+---------+---------+-------+---------
           D:1 |       0 |      48 |   0.0 |       0 |      26 |   0.0 |  1685
           D:2 |       0 |      82 |   0.0 |       0 |      19 |   0.0 |  1387
           D:3 |       0 |     220 |   0.0 |       0 |      23 |   0.0 |   830
           D:4 |       0 |      97 |   0.0 |       0 |       4 |   0.0 |   240
               +---------+---------+-------+---------+---------+-------+---------
